TOP OF THE 1ST |
Pulaski Yankees batting - Pitching for Detroit (APP) Tigers : RHP Dave Valdez
|
Pitching: RHP Dave Valdez
|
|
Batting: LHB Joel Vera
|
0-0: Swinging Strike 0-1: Foul Ball, location: 2F 0-2: Foul Ball, location: 2F 0-2: Ball 1-2: Ball 2-2: Ball 3-2: SINGLE (Line Drive, 89S, EV 90.0 MPH)
|
Batting: SHB Edwin Dominguez
|
0-0: Fielders Choice at 2nd, 1-6 (Groundball, P, EV 63.1 MPH)
|
Batting: RHB Bobby Melillo
|
0-0: Called Strike 0-1: Ball 1-1: Called Strike 1-2: Ball 2-2: Strikes out swinging
|
Batting: SHB Victor Ruiz
|
0-0: Called Strike Edwin Dominguez steals 2nd base 0-1: Ball 1-1: Swinging Strike 1-2: Ground out 4-3 (Groundball, 13, EV 91.9 MPH)
|
Top of the 1st over - 0 runs, 1 hit, 0 errors, 1 left on base; Pulaski 0 - Detroit (APP) 0 |
BOTTOM OF THE 1ST |
Detroit (APP) Tigers batting - Pitching for Pulaski Yankees : RHP Chris McCoy
|
Pitching: RHP Chris McCoy
|
|
Batting: RHB Jon Goldstein
|
0-0: Ball 1-0: Called Strike 1-1: Ball 2-1: Ball 3-1: Swinging Strike 3-2: Foul Ball, location: 2F 3-2: Base on Balls
|
Batting: RHB Keith Hoffman
|
0-0: Foul Ball, location: 2F 0-1: Swinging Strike 0-2: Strikes out swinging
|
Batting: LHB Jon Pedlar
|
0-0: Called Strike 0-1: Ball 1-1: Fielders Choice at 2nd, 5-4 (Groundball, 56, EV 80.6 MPH)
|
Batting: SHB Ross Holland
|
0-0: Ball 1-0: Called Strike 1-1: Ball 2-1: Called Strike 2-2: Strikes out swinging
|
Bottom of the 1st over - 0 runs, 0 hits, 0 errors, 1 left on base; Pulaski 0 - Detroit (APP) 0 |
TOP OF THE 2ND |
Pulaski Yankees batting - Pitching for Detroit (APP) Tigers : RHP Dave Valdez
|
Batting: RHB Colby Macon
|
0-0: Ground out 3-1 (Groundball, 34, EV 86.9 MPH)
|
Batting: RHB Johannes Gutermuth
|
0-0: Ball 1-0: Called Strike 1-1: Ball 2-1: SINGLE (Groundball, 56D, EV 108.8 MPH)
|
Batting: RHB Jordan Barragan
|
0-0: Ball 1-0: Ball 2-0: DOUBLE (Groundball, 3L, EV 108.1 MPH) Johannes Gutermuth to third Runner from 3rd tries for Home, SAFE, throw by RF to home
|
Batting: RHB Roberto Tena
|
0-0: Called Strike 0-1: Ball 1-1: Called Strike 1-2: Fly out, F8 (Flyball, 89XD, EV 91.9 MPH) Runner from 2nd tags up, SAFE at 3rd, no throw by CF
|
Batting: RHB Graham Murphy
|
0-0: Ball 1-0: Ball 2-0: Ball 3-0: Base on Balls
|
Batting: LHB Joel Vera
|
0-0: Ball 1-0: Ball 2-0: Ball 3-0: Foul Ball, location: 2F 3-1: Ground out 4-3 (Groundball, 4, EV 76.9 MPH)
|
Top of the 2nd over - 1 run, 2 hits, 0 errors, 2 left on base; Pulaski 1 - Detroit (APP) 0 |
BOTTOM OF THE 2ND |
Detroit (APP) Tigers batting - Pitching for Pulaski Yankees : RHP Chris McCoy
|
Batting: LHB Jon Frederick
|
0-0: DOUBLE (Line Drive, 9D, EV 93.8 MPH)
|
Batting: RHB Tony Murray
|
0-0: Fly out, F9 (Line Drive, 9, EV 93.1 MPH)
|
Batting: RHB Jose Evangelista
|
0-0: Foul Ball, location: 2F 0-1: Foul Ball, location: 2F 0-2: Strikes out looking
|
Batting: RHB Jamie Villagrana
|
0-0: Ball 1-0: DOUBLE (Flyball, 78XD, EV 90.6 MPH) Jon Frederick scores
|
Batting: RHB Willie Ochoa
|
0-0: Called Strike 0-1: Ball 1-1: Ball 2-1: Fly out, F7 (Flyball, 7LM, EV 105.0 MPH)
|
Bottom of the 2nd over - 1 run, 2 hits, 0 errors, 1 left on base; Pulaski 1 - Detroit (APP) 1 |
TOP OF THE 3RD |
Pulaski Yankees batting - Pitching for Detroit (APP) Tigers : RHP Dave Valdez
|
Batting: SHB Edwin Dominguez
|
0-0: Called Strike 0-1: SINGLE (Line Drive, 9S, EV 92.5 MPH)
|
Batting: RHB Bobby Melillo
|
0-0: Ball 1-0: Ball 2-0: Called Strike 2-1: Swinging Strike 2-2: Strikes out swinging
|
Batting: SHB Victor Ruiz
|
0-0: Ball 1-0: Swinging Strike 1-1: Called Strike 1-2: Strikes out looking
|
Batting: RHB Colby Macon
|
0-0: Ball 1-0: Called Strike 1-1: Hit by Pitch Edwin Dominguez to second
|
Batting: RHB Johannes Gutermuth
|
0-0: Called Strike 0-1: Ball 1-1: Foul Ball, location: 2F 1-2: Ball 2-2: 3-RUN HOME RUN (Flyball, 7D, EV 99.4 MPH), Distance : 379 ft
|
Batting: RHB Jordan Barragan
|
0-0: Called Strike 0-1: Ball 1-1: Ball 2-1: Ball 3-1: Base on Balls
|
Batting: RHB Roberto Tena
|
0-0: Ball 1-0: Ball 2-0: Called Strike 2-1: Called Strike 2-2: Ball 3-2: Foul Ball, location: 2F 3-2: SINGLE (Groundball, 56, EV 103.1 MPH) (infield hit) Jordan Barragan to second
|
Batting: RHB Graham Murphy
|
0-0: Called Strike 0-1: SINGLE (Flyball, 8LS, EV 93.8 MPH) Jordan Barragan to third Roberto Tena to second Runner from 3rd tries for Home, SAFE, throw by CF to home
|
Pitching: RHP Tony Kepp
|
|
Batting: LHB Joel Vera
|
0-0: Foul Ball, location: 2F 0-1: Ball 1-1: Foul Ball, location: 2F 1-2: Foul Ball, location: 2F 1-2: Ball 2-2: 3-RUN HOME RUN (Flyball, 9D, EV 94.4 MPH), Distance : 375 ft
|
Batting: SHB Edwin Dominguez
|
0-0: Foul Ball, location: 2F 0-1: Fly out, F9 (Flyball, 9, EV 83.8 MPH)
|
Top of the 3rd over - 7 runs, 5 hits, 0 errors, 0 left on base; Pulaski 8 - Detroit (APP) 1 |
BOTTOM OF THE 3RD |
Detroit (APP) Tigers batting - Pitching for Pulaski Yankees : RHP Chris McCoy
|
Batting: RHB Jon Goldstein
|
0-0: Called Strike 0-1: Fly out, F3 (Popup, 3F, EV 75.0 MPH)
|
Batting: RHB Keith Hoffman
|
0-0: Called Strike 0-1: Swinging Strike 0-2: Ground out 2-3 (Groundball, 15S, EV 67.5 MPH)
|
Batting: LHB Jon Pedlar
|
0-0: Foul Ball, location: 2F 0-1: Ball 1-1: Fly out, F7 (Flyball, 78D, EV 96.9 MPH)
|
Bottom of the 3rd over - 0 runs, 0 hits, 0 errors, 0 left on base; Pulaski 8 - Detroit (APP) 1 |
TOP OF THE 4TH |
Pulaski Yankees batting - Pitching for Detroit (APP) Tigers : RHP Tony Kepp
|
Batting: RHB Bobby Melillo
|
0-0: Called Strike 0-1: Swinging Strike 0-2: Ball 1-2: Ball 2-2: Ground out 5-3 (Groundball, 56, EV 79.4 MPH)
|
Batting: SHB Victor Ruiz
|
0-0: Called Strike 0-1: Called Strike 0-2: Strikes out swinging
|
Batting: RHB Colby Macon
|
0-0: Ball 1-0: Swinging Strike 1-1: Foul Ball, location: 2F 1-2: Foul Ball, location: 2F 1-2: Ball 2-2: Foul Ball, location: 2F 2-2: Foul Ball, location: 2F 2-2: Ball 3-2: Foul Ball, location: 2F 3-2: Foul Ball, location: 2F 3-2: Fly out, F3 (Flyball, 3D, EV 88.1 MPH)
|
Top of the 4th over - 0 runs, 0 hits, 0 errors, 0 left on base; Pulaski 8 - Detroit (APP) 1 |
BOTTOM OF THE 4TH |
Detroit (APP) Tigers batting - Pitching for Pulaski Yankees : RHP Chris McCoy
|
Batting: SHB Ross Holland
|
0-0: Foul Ball, location: 2F 0-1: Ball 1-1: Swinging Strike 1-2: Strikes out swinging
|
Batting: LHB Jon Frederick
|
0-0: Called Strike 0-1: Ball 1-1: Foul Ball, location: 2F 1-2: Strikes out looking
|
Batting: RHB Tony Murray
|
0-0: Called Strike 0-1: Ball 1-1: Swinging Strike 1-2: Foul Ball, location: 2F 1-2: Ground out 6-3 (Groundball, 6, EV 82.5 MPH)
|
Bottom of the 4th over - 0 runs, 0 hits, 0 errors, 0 left on base; Pulaski 8 - Detroit (APP) 1 |
TOP OF THE 5TH |
Pulaski Yankees batting - Pitching for Detroit (APP) Tigers : RHP Tony Kepp
|
Batting: RHB Johannes Gutermuth
|
0-0: Called Strike 0-1: Called Strike 0-2: Ball 1-2: Foul Ball, location: 2F 1-2: Foul Ball, location: 2F 1-2: Strikes out swinging
|
Pitching: RHP Luis Brown
|
|
Batting: RHB Jordan Barragan
|
0-0: Called Strike 0-1: Ball 1-1: Fly out, F8 (Flyball, 8RD, EV 96.9 MPH)
|
Batting: RHB Roberto Tena
|
0-0: Ball 1-0: Ground out 6-3 (Groundball, 6, EV 85.0 MPH)
|
Top of the 5th over - 0 runs, 0 hits, 0 errors, 0 left on base; Pulaski 8 - Detroit (APP) 1 |
BOTTOM OF THE 5TH |
Detroit (APP) Tigers batting - Pitching for Pulaski Yankees : RHP Chris McCoy
|
Batting: RHB Jose Evangelista
|
0-0: Ball 1-0: Called Strike 1-1: Ball 2-1: Ball 3-1: Swinging Strike 3-2: Strikes out swinging
|
Batting: RHB Jamie Villagrana
|
0-0: Fly out, F8 (Flyball, 8LXD, EV 108.8 MPH)
|
Batting: RHB Willie Ochoa
|
0-0: Called Strike 0-1: Ball 1-1: Called Strike 1-2: Ball 2-2: Ground out 4-3 (Groundball, 4, EV 105.0 MPH)
|
Bottom of the 5th over - 0 runs, 0 hits, 0 errors, 0 left on base; Pulaski 8 - Detroit (APP) 1 |
TOP OF THE 6TH |
Pulaski Yankees batting - Pitching for Detroit (APP) Tigers : RHP Luis Brown
|
Batting: RHB Graham Murphy
|
0-0: Ball 1-0: Foul Ball, location: 2F 1-1: Foul Ball, location: 2F 1-2: Foul Ball, location: 2F 1-2: Ball 2-2: Foul Ball, location: 2F 2-2: Foul Ball, location: 2F 2-2: Reached on error, E4 (Groundball, 4, EV 89.4 MPH)
|
Batting: LHB Joel Vera
|
0-0: Ball 1-0: Foul Ball, location: 2F 1-1: Foul Ball, location: 2F 1-2: Foul Ball, location: 2F 1-2: SINGLE (Line Drive, 8LM, EV 90.0 MPH) Graham Murphy to second
|
Batting: SHB Edwin Dominguez
|
0-0: Ball 1-0: Ball 2-0: Swinging Strike 2-1: Swinging Strike 2-2: Foul Ball, location: 2F 2-2: Foul Ball, location: 2F 2-2: Ball 3-2: Base on Balls Graham Murphy to third Joel Vera to second
|
Batting: RHB Bobby Melillo
|
0-0: Called Strike 0-1: Foul Ball, location: 2F 0-2: Ball 1-2: Foul Ball, location: 2F 1-2: Ball 2-2: Foul Ball, location: 2F 2-2: Foul Ball, location: 2F 2-2: GRAND SLAM HOME RUN (Flyball, 78XD, EV 100.6 MPH), Distance : 397 ft
|
Pitching: RHP Cory Wilkins
|
|
Batting: SHB Victor Ruiz
|
0-0: Ball 1-0: Ball 2-0: SINGLE (Line Drive, 8LS, EV 107.5 MPH)
|
Batting: RHB Colby Macon
|
0-0: Fielders Choice at 2nd, 3-6 (Groundball, 34S, EV 86.9 MPH)
|
Batting: RHB Johannes Gutermuth
|
0-0: Ball 1-0: Called Strike 1-1: Ball 2-1: Ball 3-1: Grounds into double play, 5-4-3 (Groundball, 56S, EV 76.9 MPH)
|
Top of the 6th over - 4 runs, 3 hits, 1 error, 0 left on base; Pulaski 12 - Detroit (APP) 1 |
BOTTOM OF THE 6TH |
Detroit (APP) Tigers batting - Pitching for Pulaski Yankees : RHP Chris McCoy
|
Batting: RHB Jon Goldstein
|
0-0: Ball 1-0: Called Strike 1-1: Called Strike 1-2: Ground out 5-3 (Groundball, 56, EV 105.0 MPH)
|
Batting: RHB Keith Hoffman
|
0-0: Ball 1-0: Ground out U3 (Groundball, 3S, EV 70.0 MPH)
|
Batting: LHB Jon Pedlar
|
0-0: Called Strike 0-1: Ball 1-1: Ball 2-1: Fly out, F9 (Flyball, 89M, EV 93.1 MPH)
|
Bottom of the 6th over - 0 runs, 0 hits, 0 errors, 0 left on base; Pulaski 12 - Detroit (APP) 1 |
TOP OF THE 7TH |
Pulaski Yankees batting - Pitching for Detroit (APP) Tigers : RHP Cory Wilkins
|
Batting: RHB Jordan Barragan
|
0-0: Swinging Strike 0-1: SINGLE (Flyball, 6MD, EV 90.6 MPH)
|
Batting: RHB Roberto Tena
|
0-0: Ball 1-0: Ball 2-0: Ball 3-0: Called Strike 3-1: SINGLE (Groundball, 4MD, EV 101.9 MPH) Jordan Barragan to second
|
Batting: RHB Graham Murphy
|
0-0: Ball 1-0: DOUBLE (Line Drive, 7LS, EV 91.9 MPH) Jordan Barragan scores Roberto Tena to third
|
Batting: LHB Joel Vera
|
0-0: Swinging Strike 0-1: Ball 1-1: Foul Ball, location: 2F 1-2: Hit by Pitch
|
Batting: SHB Edwin Dominguez
|
0-0: Called Strike 0-1: Called Strike 0-2: Ball 1-2: Foul Ball, location: 2F 1-2: Foul Ball, location: 2F 1-2: Ball 2-2: Foul Ball, location: 2F 2-2: Strikes out swinging
|
Batting: RHB Bobby Melillo
|
0-0: Ball 1-0: Foul Ball, location: 2F 1-1: Swinging Strike 1-2: Foul Ball, location: 2F 1-2: Ball 2-2: TRIPLE (Flyball, 7LD, EV 104.4 MPH) Roberto Tena scores Graham Murphy scores Joel Vera scores
|
Batting: SHB Victor Ruiz
|
0-0: Ball 1-0: Swinging Strike 1-1: Foul Ball, location: 2F 1-2: Strikes out swinging
|
Batting: RHB Colby Macon
|
0-0: Swinging Strike 0-1: Called Strike 0-2: Ball 1-2: SINGLE (Groundball, 5D, EV 102.5 MPH) Bobby Melillo scores
|
Pitching: RHP Billy Verdusco
|
|
Batting: RHB Johannes Gutermuth
|
0-0: Ball Wild Pitch! Colby Macon to second 1-0: Swinging Strike 1-1: Fly out, F7 (Flyball, 7, EV 88.8 MPH)
|
Top of the 7th over - 5 runs, 5 hits, 0 errors, 1 left on base; Pulaski 17 - Detroit (APP) 1 |
BOTTOM OF THE 7TH |
Detroit (APP) Tigers batting - Pitching for Pulaski Yankees : RHP Chris McCoy
|
Batting: SHB Ross Holland
|
0-0: Foul Ball, location: 2F 0-1: Fly out, F7 (Flyball, 78S, EV 86.9 MPH)
|
Batting: LHB Jon Frederick
|
0-0: Ball 1-0: Ball 2-0: Ball 3-0: Called Strike 3-1: SINGLE (Line Drive, 8RS, EV 101.9 MPH)
|
Batting: RHB Tony Murray
|
0-0: Foul Ball, location: 2F 0-1: SINGLE (Line Drive, 89M, EV 98.1 MPH) Jon Frederick to second Jon Frederick to third
|
Batting: RHB Jose Evangelista
|
0-0: Called Strike 0-1: Called Strike 0-2: Foul Ball, location: 2F 0-2: Ball 1-2: Fly out, F7 (Flyball, 7LD, EV 91.9 MPH) Runner from 3rd tags up, OUT at HOME! 7-2
|
Bottom of the 7th over - 0 runs, 2 hits, 0 errors, 1 left on base; Pulaski 17 - Detroit (APP) 1 |
TOP OF THE 8TH |
Pulaski Yankees batting - Pitching for Detroit (APP) Tigers : RHP Billy Verdusco
|
Batting: RHB Jordan Barragan
|
0-0: Foul Ball, location: 2F 0-1: Ball 1-1: Ball 2-1: Ball 3-1: Called Strike 3-2: Base on Balls
|
Batting: RHB Roberto Tena
|
0-0: Called Strike 0-1: Fielders Choice at 2nd, 6-4 (Groundball, 56, EV 88.1 MPH)
|
Batting: RHB Graham Murphy
|
0-0: Ball Wild Pitch! Roberto Tena to second 1-0: Called Strike 1-1: Ground out 6-3 (Groundball, 6, EV 98.1 MPH)
|
Batting: LHB Joel Vera
|
0-0: Ball 1-0: Ball 2-0: Ball 3-0: Base on Balls
|
Batting: SHB Edwin Dominguez
|
0-0: Ball 1-0: Ball 2-0: Fly out, F7 (Line Drive, 7LM, EV 108.1 MPH)
|
Top of the 8th over - 0 runs, 0 hits, 0 errors, 2 left on base; Pulaski 17 - Detroit (APP) 1 |
BOTTOM OF THE 8TH |
Detroit (APP) Tigers batting - Pitching for Pulaski Yankees : RHP Chris McCoy
|
Batting: RHB Jamie Villagrana
|
0-0: Ball 1-0: Fly out, F7 (Flyball, 7D, EV 104.4 MPH)
|
Batting: RHB Willie Ochoa
|
0-0: Called Strike 0-1: Ball 1-1: Ball 2-1: DOUBLE (Flyball, 7LM, EV 98.8 MPH)
|
Batting: RHB Jon Goldstein
|
0-0: Called Strike 0-1: Called Strike 0-2: Ball 1-2: Fly out, F8 (Flyball, 8LM, EV 94.4 MPH)
|
Pitching: RHP Harry McCasland
|
|
Batting: RHB Keith Hoffman
|
0-0: Ball 1-0: Called Strike 1-1: Ball 2-1: Called Strike 2-2: Ball 3-2: Base on Balls
|
Batting: LHB Jon Pedlar
|
0-0: Called Strike 0-1: Reached via error on a dropped throw from 2B, E3 (Groundball, 4, EV 85.0 MPH) Willie Ochoa to third Keith Hoffman to second
|
Batting: SHB Ross Holland
|
0-0: Ball 1-0: Ball 2-0: Ball 3-0: Base on Balls Willie Ochoa scores Keith Hoffman to third Jon Pedlar to second
|
Batting: LHB Jon Frederick
|
0-0: Called Strike 0-1: Ground out 4-3 (Groundball, 4D, EV 100.0 MPH)
|
Bottom of the 8th over - 1 run, 1 hit, 1 error, 3 left on base; Pulaski 17 - Detroit (APP) 2 |
TOP OF THE 9TH |
Pulaski Yankees batting - Pitching for Detroit (APP) Tigers : RHP Billy Verdusco
|
Batting: RHB Bobby Melillo
|
0-0: Called Strike 0-1: Ball 1-1: Ball 2-1: Ball 3-1: Foul Ball, location: 2F 3-2: Foul Ball, location: 2F 3-2: Foul Ball, location: 2F 3-2: Base on Balls
|
Batting: SHB Victor Ruiz
|
0-0: Ball 1-0: Swinging Strike 1-1: Ball 2-1: Foul Ball, location: 2F 2-2: Fly out, F8 (Flyball, 8LXD, EV 98.1 MPH)
|
Pinch Hitting: RHB Tim Osborn
|
0-0: Fielders Choice at 2nd, 3-6 (Groundball, 34, EV 105.0 MPH)
|
Batting: RHB Johannes Gutermuth
|
0-0: Foul Ball, location: 2F 0-1: Swinging Strike 0-2: Ball 1-2: 2-RUN HOME RUN (Flyball, 9LD, EV 91.9 MPH), Distance : 347 ft
|
Batting: RHB Jordan Barragan
|
0-0: Ball 1-0: Fly out, F8 (Flyball, 89XD, EV 98.1 MPH)
|
Top of the 9th over - 2 runs, 1 hit, 0 errors, 0 left on base; Pulaski 19 - Detroit (APP) 2 |
BOTTOM OF THE 9TH |
Detroit (APP) Tigers batting - Pitching for Pulaski Yankees : RHP Harry McCasland
|
Now at 2B: Tim Osborn
|
|
Batting: RHB Tony Murray
|
0-0: Ball 1-0: Foul Ball, location: 2F 1-1: Foul Ball, location: 2F 1-2: Strikes out swinging
|
Batting: RHB Jose Evangelista
|
0-0: Called Strike 0-1: Fly out, F6 (Popup, 6, EV 67.5 MPH)
|
Batting: RHB Jamie Villagrana
|
0-0: Ball 1-0: Swinging Strike 1-1: Swinging Strike 1-2: Ball 2-2: Ball 3-2: Foul Ball, location: 2F 3-2: Strikes out swinging
|
Bottom of the 9th over - 0 runs, 0 hits, 0 errors, 0 left on base; Pulaski 19 - Detroit (APP) 2 |
|